 Dungeon Crawl Stone Soup version 0.31-a0-112-gdf0485fa37 (webtiles) character file.

Game seed: 9786528355338243545

111 Drazool the Covered (level 4, -4/39 HPs)
             Began as an Armataur Fighter on May 28, 2023.
             Slain by Natasha (7 damage)
             ... on level 2 of the Dungeon.
             The game lasted 00:05:14 (1974 turns).

Drazool the Covered (Armataur Fighter)              Turns: 1974, Time: 00:05:14

Health: -4/39      AC:  6    Str: 24    XL:     4   Next: 62%
Magic:  4/4        EV:  8    Int:  8    God:
Gold:   82         SH:  4    Dex:  9    Spells: 3/3 levels left

rFire   . . .        n - +0 war axe (venom)
rCold   . . .        c - +0 buckler
rNeg    . . .        j - +2 leather armour {Will+}
rPois   .            (no helmet)
rElec   .            (no cloak)
rCorr   .            (no gloves)
SInv    .            (no barding)
Will    +....        (no amulet)
Stlth   +            (no ring)
HPRegen 0.26/turn    (no ring)
MPRegen 0.09/turn

%: roll
@: no status effects
A: large, rugged brown scales 3, deformed body, armoured tail, roll, long
tongue, awkward tongue
a: no special abilities


You were on level 2 of the Dungeon.
You visited 1 branch of the dungeon, and saw 2 of its levels.

You collected 82 gold pieces.


Innate Abilities, Weirdness & Mutations

You are completely covered in rugged brown scales. (AC +3, +7% HP)
Armour fits poorly on your strangely shaped body.
You have a long armoured tail.
You roll when moving toward enemies. (Rampage)
Your long tongue fully drains potion bottles. (2x potion effects)
Your tongue gives you trouble enunciating. (1.5x scroll delay)


   Skills:
 - Level 2.6 Fighting
 + Level 3.5(3.8) Axes
 - Level 1.7(3.1) Maces & Flails
 - Level 3.6 Armour
 - Level 3.2 Shields


You had 3 spell levels left.
You didn't know any spells.
Your spell library was empty.

Inventory:

Hand Weapons
 a - a +0 flail
 k - a +5 mace of draining
 n - a +0 war axe of venom (weapon)
Missiles
 m - 8 poisoned darts (quivered)
Armour
 b - a +0 scale mail
 c - a +0 buckler (worn)
 j - a +2 leather armour of willpower (worn)
Scrolls
 e - a scroll of magic mapping {unknown}
 i - a scroll of vulnerability
 l - a scroll of amnesia {unknown}
 p - a scroll of torment {unknown}
Potions
 d - a potion of might
 f - 2 potions of curing {@q1}
 g - a potion of attraction {unknown}
 h - 2 potions of haste {unknown}
 o - 2 potions of cancellation {unknown}

Dungeon Overview and Level Annotations

Branches:
Dungeon (2/15)

Altars:

Annotations:
D:2 Natasha

**,,,** #.**..,,,*
***,,,,**** #.#*.#****
,,,,,,,,,,* ##.##.#
,,,,,,,,,.** #...#.########
,,,,,,,,*..** #..[..#......#
,,,,,,,,*...###....##......#
**,,,****,#................#
*,,,* *,#..#.........#####
***** *,#.>..h@......#
*********,#.#####......#
,,,,,,,,*,*,* #......#.#
*******,*,*,* #.####.#.#
,,,,,,*,*,*,* #.#..#.#.#
*****,*,*,*,* #.#..#.#.#
*,,,,,*,*,*,* #.#..#.#.#
,,,*,,*,*,*,* #.#..#.#.#
*,,*,,*,#.#.###.#..#.#.#


You could see Natasha.


Message History

Natasha claws you!
* * * LOW HITPOINT WARNING * * *
Unknown command.
You barely miss Natasha.
Natasha is moderately wounded.
Natasha stares at you and mumbles some strange words.
The magic dart hits you.
* * * LOW HITPOINT WARNING * * *
Natasha barely misses you.
You hit Natasha.
Your tail-slap misses Natasha.
Natasha is severely wounded.
Natasha zaps a wand.
The puff of flame hits you!
* * * LOW HITPOINT WARNING * * *
You closely miss Natasha.
Your tail-slap misses Natasha.
Natasha is severely wounded.
Natasha zaps a wand.
The puff of flame hits you!
* * * LOW HITPOINT WARNING * * *
Unknown command.
You barely miss Natasha.
Your tail-slap misses Natasha.
Natasha is severely wounded.
Natasha barely misses you.
Natasha zaps a wand.
The puff of flame misses you.
Unknown command.
You closely miss Natasha.
Natasha is severely wounded.
You block Natasha's attack.
Unknown command.
You barely miss Natasha.
Natasha is heavily wounded.
Natasha claws you!
You die...

Skill      XL: |  1  2  3 |
---------------+----------+-----
Axes           | 1 2 3 |  3.5
Fighting       | |  2.6
Maces & Flails | |  1.7
Armour         | |  3.6
Shields        | |  3.2

Action                     |  1- 3 |  4- 6 || total
---------------------------+-------+-------++-------
  Melee: Flail             |    51 |       ||    51
         War axe           |    27 |    28 ||    55
         Tailslap          |     7 |       ||     7
    Use: Scroll            |     3 |       ||     3
         Potion            |     1 |       ||     1
 Armour: Scale mail        |    11 |       ||    11
         Leather armour    |    26 |     4 ||    30
  Dodge: Dodged            |    21 |     6 ||    27
  Block: Buckler           |    15 |     2 ||    17

Levels and vault maps discovered:
D:1:      co_arrival_hall_of_pillars, layout_basic,
          hellmonk_ecumenical_altar_arch_garden
D:2:      layout_basic, uniq_natasha, uniq_terence

Notes
Turn   | Place    | Note
-------+----------+-------------------------------------------
     0 | D:1      | Drazool the Armataur Fighter began the quest for the Orb.
     0 | D:1      | Reached XP level 1. HP: 19/19 MP: 1/1
    59 | D:1      | Reached skill level 1 in Axes
   202 | D:1      | Reached XP level 2. HP: 26/26 MP: 2/2
   296 | D:1      | Found a faded altar of an unknown god.
   413 | D:1      | Reached skill level 2 in Axes
   818 | D:2      | Reached XP level 3. HP: 32/32 MP: 3/3
   952 | D:2      | Noticed Terence
   971 | D:2      | Killed Terence
   972 | D:2      | Reached skill level 3 in Axes
   973 | D:2      | Reached XP level 4. HP: 14/38 MP: 4/4
  1754 | D:2      | Noticed Natasha
  1759 | D:2      | Killed Natasha
  1963 | D:2      | Noticed Natasha
  1971 | D:2      | HP: 1/39 [Natasha/puff of flame (7)]
  1974 | D:2      | Slain by Natasha

Vanquished Creatures
  Natasha (D:2)
  Terence (D:2)
  An adder (D:2)
  A worm (D:2)
  3 dart slugs
  2 endoplasms
  A giant cockroach (D:1)
  4 goblins
  6 hobgoblins
  4 kobolds
  2 quokkas (D:1)
  7 ball pythons
  2 bats (D:1)
  2 frilled lizards (D:1)
  4 rats
41 creatures vanquished.

Table legend: (Time is in decaauts)
 A = Elapsed time spent in this place.
 B = Non-inter-level travel time spent in this place.
 C = Inter-level travel time spent in this place.
 D = Time resting spent in this place.
 E = Time spent auto-exploring this place.
 F = Levels seen in this place.
 G = Mean time per level.
                   A        B        C        D        E       F      G
               +--------+--------+--------+--------+--------+-----+--------+
         Total |   2013 |   1978 |     35 |      0 |   1613 |   2 | 1006.5 |
       Dungeon |   2013 |   1978 |     35 |      0 |   1613 |   2 | 1006.5 |
               +--------+--------+--------+--------+--------+-----+--------+

Top non-repeatable levels by time:
     D:2: 1230 daAuts
     D:1: 782 daAuts

Table legend:
 A = Non-vault XP
 B = Vault XP
 C = Vault XP percentage of total XP
 D = Non-vault monster count
 E = Vault monster count
 F = Vault count percentage of total count
                 A         B        C        D         E       F
            +---------+---------+-------+---------+---------+-------
      Total |      87 |      72 |  45.3 |      39 |       2 |   4.9
            +---------+---------+-------+---------+---------+-------
        D:1 |      33 |       0 |   0.0 |      19 |       0 |   0.0
        D:2 |      54 |      72 |  57.1 |      20 |       2 |   9.1
            +---------+---------+-------+---------+---------+-------
